 Dungeon Crawl Stone Soup version 0.22-a0-348-gd16d139 (webtiles) character file.

343 nikopol the Magician (level 6, -2/32 HPs)
             Began as a Deep Elf Fire Elementalist on Apr 7, 2018.
             Slain by Duvessa
             ... wielding a +2 rapier of venom
              (9 damage)
             ... on level 4 of the Dungeon.
             The game lasted 00:14:28 (4446 turns).

nikopol the Magician (Deep Elf Fire Elementalist)   Turns: 4446, Time: 00:14:28

Health: -2/32      AC:  3    Str:  5    XL:     6   Next: 31%
Magic:  7/16       EV: 13    Int: 22    God:
Gold:   203        SH:  0    Dex: 15    Spells: 6/16 levels left

rFire    . . .     SeeInvis .   j - +1 short sword (venom)
rCold    . . .     Gourm    .   (no shield)
rNeg     . . .     Faith    .   a - +0 robe
rPois    .         Spirit   .   (no helmet)
rElec    .         Reflect  .   q - +0 cloak
rCorr    .         Harm     .   (no gloves)
MR       .....                  (no boots)
Stlth    ++........             (no amulet)
HPRegen  0.10/turn              w - ring of wizardry
MPRegen  0.15/turn              (no ring)

@: lethally poisoned (-2 -> -35)
A: no striking features
a: no special abilities


You were on level 4 of the Dungeon.
You were hungry.

You visited 1 branch of the dungeon, and saw 4 of its levels.

You collected 203 gold pieces.

Inventory:

Hand Weapons
 j - a +1 short sword of venom (weapon)
Armour
 a - a +0 robe (worn)
 q - a +0 cloak (worn)
Jewellery
 w - a ring of wizardry (left hand)
Wands
 l - a wand of digging (14)
 s - a wand of acid (11)
 u - a wand of random effects (54)
Scrolls
 d - 5 scrolls of identify {unknown}
 f - 2 scrolls of remove curse {unknown}
 g - a scroll of fear {unknown}
 m - 2 scrolls of immolation {unknown}
 o - a scroll of magic mapping {unknown}
 p - a scroll of fog {unknown}
 y - a scroll of noise {unknown}
Potions
 b - a potion of agility {unknown}
 e - 2 potions of lignification {unknown}
 h - 3 potions of might {unknown}
 i - 4 potions of brilliance {unknown}
 k - a potion of magic {unknown}
 n - a potion of heal wounds {unknown}
 r - a potion of flight {unknown}
 t - a potion of curing {unknown}
 v - a potion of degeneration {unknown}
 x - a potion of mutation {unknown}
Comestibles
 c - 4 rations


   Skills:
 + Level 0.2 Fighting
 + Level 2.8 Dodging
 + Level 3.2 Stealth
 + Level 5.5 Spellcasting
 + Level 3.1 Conjurations
 + Level 5.4 Fire Magic


You had 6 spell levels left.
You knew the following spells:

 Your Spells              Type           Power        Failure   Level  Hunger
a - Flame Tongue          Conj/Fire      ####.        1%          1    None
b - Throw Flame           Conj/Fire      ####..       1%          2    None
c - Conjure Flame         Conj/Fire      ####....     1%          3    ##.....
d - Sticky Flame          Conj/Fire      ####....     6%          4    ####...


Dungeon Overview and Level Annotations

Branches:
Dungeon (4/15)
 Temple: D:4-7

Altars:
Sif Muna

Annotations:
D:2 Robin
D:4 Dowan, Duvessa


Message History

Confirm with . or Enter, or press ? or * to list all spells.
Aiming: Flame Tongue (safe; 1% risk of failure)
Press: ? - help, Shift-Dir - straight line, f/p - Duvessa
Aim: Duvessa, wielding a rapier of venom and wearing a glowing ring mail (flame, heavily wounded)
The flame tongue hits Duvessa.
Duvessa resists.
Duvessa is heavily wounded.
You feel very sick.
Duvessa is engulfed in blazing flames.
Duvessa closely misses you.
Casting: Flame Tongue (safe; 1% risk of failure)
Confirm with . or Enter, or press ? or * to list all spells.
Aiming: Flame Tongue (safe; 1% risk of failure)
Press: ? - help, Shift-Dir - straight line, f/p - Duvessa
Aim: Duvessa, wielding a rapier of venom and wearing a glowing ring mail (flame, severely wounded)
The flame tongue hits Duvessa.
Duvessa resists.
Duvessa is severely wounded.
* * * LOW HITPOINT WARNING * * *
You feel very sick.
Duvessa is engulfed in blazing flames.
Duvessa hits you with a rapier of venom!
You die...

...#.....#....................[..
...'.....#.....#+###.............
...#.....e....e#...#.............
..###..###.....#...#.............
..###'##.......#..>#.....########
...#...#.......#...#.....#......#
...#...#......<#<..##'####......#
...#...#.......#...##...........#
...#...#.......e@..#............#
..######.......#...'............#
..##......###+##...#....#########
...#......'...##...##...#
...#......#...##...######
...#......#........##...##
...#......#..............#
...#......#..............#
...#...>..#..............#


You could see Duvessa and Dowan.

Vanquished Creatures
  2 orc priests
  Crazy Yiuf (D:2)
  An orc wizard (D:3)
  Jessica (D:2)
  A worker ant (D:4)
  4 gnolls (D:2)
  5 adders
  3 dart slugs
  3 leopard geckos
  13 orcs
  9 bats
  4 giant cockroaches
  7 goblins
  7 hobgoblins
  A quokka (D:2)
  2 ball pythons
  8 frilled lizards
  6 kobolds (D:2)
  5 rats
83 creatures vanquished.

Notes
Turn   | Place    | Note
-------+----------+-------------------------------------------
     0 | D:1      | nikopol the Deep Elf Fire Elementalist began the quest for the Orb.
     0 | D:1      | Reached XP level 1. HP: 10/10 MP: 6/6
   150 | D:1      | Reached XP level 2. HP: 15/15 MP: 6/8
   587 | D:2      | Noticed Robin
   623 | D:2      | Reached XP level 3. HP: 10/19 MP: 5/9
   927 | D:2      | Noticed Jessica
   935 | D:2      | Killed Jessica
  1328 | D:2      | Learned a level 2 spell: Throw Flame
  1332 | D:2      | Learned a level 3 spell: Conjure Flame
  1414 | D:2      | Reached XP level 4. HP: 24/24 MP: 5/11
  1852 | D:2      | Reached skill level 5 in Fire Magic
  2019 | D:2      | Found a runed door.
  2310 | D:2      | Noticed Crazy Yiuf
  2319 | D:2      | Killed Crazy Yiuf
  2319 | D:2      | Reached XP level 5. HP: 28/28 MP: 1/13
  2416 | D:2      | Learned a level 4 spell: Sticky Flame
  2962 | D:3      | Reached skill level 5 in Spellcasting
  3490 | D:4      | Noticed Duvessa
  3490 | D:4      | Noticed Dowan
  3583 | D:4      | Reached XP level 6. HP: 32/32 MP: 11/15
  3717 | D:4      | Found a deep blue altar of Sif Muna.
  4446 | D:4      | Slain by Duvessa

Vault maps used:
D:1:      dpeg_arrival_renting
D:2:      first_ration, uniq_crazy_yiuf_cottage, uniq_jessica, uniq_robin
D:4:      marbit_many_paths, temple_hall, hangedman_decor_lopped, uniq_duvessa

Skill      XL: |  1  2  3  4  5 |
---------------+----------------+-----
Fire Magic     | 4 5 |  5.4
Stealth        | 3 |  3.2
Spellcasting   | 4 5 |  5.5
Conjurations   | 2 3 |  3.1
Fighting       | |  0.2
Dodging        | |  2.8

Action                   |  1- 3 |  4- 6 || total
-------------------------+-------+-------++-------
 Cast: Flame Tongue      |    59 |   129 ||   188
       Conjure Flame     |       |     3 ||     3
       Throw Flame       |       |     5 ||     5
  Eat: Chunk             |     1 |     9 ||    10
Armor: Robe              |     2 |    10 ||    12
Dodge: Dodged            |     6 |    26 ||    32

Table legend:
 A = Spawn XP
 B = Non-spawn XP
 C = Spawn XP percentage of total XP
 D = Spawn monster count
 E = Non-spawn monster count
 F = Spawn count percentage of total count
 G = Total turns spent on level
                    A         B        C        D         E        F      G
               +---------+---------+-------+---------+---------+-------+---------
         Total |       0 |     490 |   0.0 |       0 |      83 |   0.0 |  4446
               +---------+---------+-------+---------+---------+-------+---------
           D:1 |       0 |      30 |   0.0 |       0 |      15 |   0.0 |   981
           D:2 |       0 |     200 |   0.0 |       0 |      30 |   0.0 |  1620
           D:3 |       0 |     147 |   0.0 |       0 |      29 |   0.0 |  1096
           D:4 |       0 |     113 |   0.0 |       0 |       9 |   0.0 |   749
               +---------+---------+-------+---------+---------+-------+---------
